 Dungeon Crawl Stone Soup version 0.21-a0-142-gdd972a7 (webtiles) character file.

76 Lianjan the Poker (level 4, -2/23 HPs)
             Began as a Vine Stalker Fighter on July 21, 2017.
             Slain by Terence
             ... wielding a +2 flail of crushing
              (5 damage)
             ... on level 3 of the Dungeon.
             The game lasted 00:01:58 (1570 turns).

Lianjan the Poker (Vine Stalker Fighter)            Turns: 1570, Time: 00:01:58

Health: -2/23      AC:  7    Str: 19    XL:     4   Next: 32%
Magic:  0/5        EV: 14    Int:  8    God:
Gold:   58         SH:  0    Dex: 19    Spells: 3/3 levels left

rFire    . . .     SeeInvis .   a - +0 trident
rCold    . . .     Gourm    .   (no shield)
rNeg     . . .     Faith    .   b - +0 scale mail
rPois    .         Spirit   +   (no helmet)
rElec    .         Reflect  .   o - +0 cloak
rCorr    .         Harm     .   (no gloves)
MR       .....                  (no boots)
Stlth    +.........             (no amulet)
HPRegen  0.47/turn              (no ring)
MPRegen  0.09/turn              (no ring)

@: agile
A: fangs 2, regeneration 1, magic shield, antimagic bite, no potion heal 3, rot
immunity
a: no special abilities


You were on level 3 of the Dungeon.
You were not hungry.

You visited 1 branch of the dungeon, and saw 3 of its levels.

You collected 58 gold pieces.

Inventory:

Hand Weapons
 a - a +0 trident (weapon)
Armour
 b - a +0 scale mail (worn)
 o - a +0 cloak (worn)
Jewellery
 j - an uncursed ring of fire {unknown}
Scrolls
 h - a scroll of identify {unknown}
 i - a scroll of amnesia {unknown}
 k - a scroll of teleportation {unknown}
 l - 2 scrolls of magic mapping {unknown}
 m - a scroll of immolation {unknown}
 n - a scroll of remove curse {unknown}
Potions
 d - a potion of might
Comestibles
 c - 2 royal jellies
 f - a bread ration
 g - 2 chunks of flesh


   Skills:
 - Level 2.6 Fighting
 * Level 4.0 Polearms
 - Level 2.4 Armour
   Level 2.6 Shields


You had 3 spell levels left.
You didn't know any spells.

Dungeon Overview and Level Annotations

Branches:
Dungeon (3/15)

Altars:

Annotations:
D:3 Terence


Innate Abilities, Weirdness & Mutations

You have extremely sharp teeth.
Your natural rate of healing is unusually fast.
When hurt, damage is shared between your health and your magic reserves.
Your bite disrupts and absorbs the magic of your enemies.
Potions cannot restore your health.
You are immune to rotting.


Message History

Terence hits you with a flail of crushing.
You barely miss Terence. You bite Terence, but do no damage.
Terence is heavily wounded.
Terence hits you but does no damage.
You barely miss Terence. Your bite misses Terence.
Terence is heavily wounded.
Terence hits you with a flail of crushing.
* * * LOW HITPOINT WARNING * * *
x2 You hit Terence.
You bite Terence, but do no damage.
Terence is severely wounded.
Terence hits you with a flail of crushing.
* * * LOW HITPOINT WARNING * * *
x2 You hit Terence.
Terence is severely wounded.
Terence barely misses you.
Okay, then.
It was a potion of agility.
You feel agile all of a sudden.
Terence hits you with a flail of crushing.
You die...

#........
#........
#........
#........
#%.......
#........
#........
#........
#@@......
#........
#........
#........
#........
########.
#>## ...8


You could see Terence.

Vanquished Creatures
  Natasha (D:3)
  2 adders (D:2)
  An ooze (D:2)
  A worm (D:2)
  A ball python (D:1)
  A bat (D:2)
  2 giant cockroaches (D:1)
  3 goblins
  5 hobgoblins
  4 kobolds
  A quokka (D:2)
  2 frilled lizards
  2 rats
26 creatures vanquished.

Notes
Turn   | Place    | Note
-------+----------+-------------------------------------------
     0 | D:1      | Lianjan the Vine Stalker Fighter began the quest for the Orb.
     0 | D:1      | Reached XP level 1. HP: 11/11 MP: 2/2
    63 | D:1      | Reached skill level 2 in Polearms
   328 | D:1      | Reached XP level 2. HP: 16/16 MP: 3/3
  1169 | D:2      | Reached skill level 3 in Polearms
  1191 | D:2      | Reached XP level 3. HP: 19/19 MP: 4/4
  1520 | D:3      | Noticed Natasha
  1534 | D:3      | Killed Natasha
  1534 | D:3      | Reached skill level 4 in Polearms
  1534 | D:3      | Gained mutation: Your natural rate of healing is unusually fast. [Vine Stalker growth]
  1534 | D:3      | Reached XP level 4. HP: 9/23 MP: 5/5
  1535 | D:3      | Noticed Terence
  1570 | D:3      | Slain by Terence

Vault maps used:
D:1:      shiori_shiawase, minmay_misc_feat_chi, st_stairs_9
D:3:      nicolae_overflow_hidden_temple, kennysheep_slug_shrine, minitemple,
          uniq_jessica, uniq_natasha, uniq_terence, uniq_sigmund

Skill      XL: |  1  2  3 |
---------------+----------+-----
Polearms       | 2 3 4 |  4.0
Fighting       | |  2.6
Armour         | |  2.4
Shields        | |  2.6

Action                   |  1- 3 |  4- 6 || total
-------------------------+-------+-------++-------
Melee: Trident           |    81 |     6 ||    87
       Bite              |    18 |     3 ||    21
  Use: Potion            |       |     1 ||     1
  Eat: Chunk             |     2 |       ||     2
Armor: Scale mail        |    34 |     1 ||    35
Dodge: Dodged            |    32 |     1 ||    33
